 Dungeon Crawl Stone Soup version 0.27.0-1-g7a089689b8 (webtiles) character file.

Game seed: 15389139884313844952

3362 robertstho the Thaumaturge (level 10, -7/69 HPs)
             Began as a Djinni Fire Elementalist on Aug 12, 2021.
             Shot with an arrow by a centaur (8 damage)
             ... on level 8 of the Dungeon.
             The game lasted 00:13:30 (9694 turns).

robertstho the Thaumaturge (DjFE)                   Turns: 9694, Time: 00:13:32

Health: -7/69      AC:  9    Str:  7    XL:     10   Next: 23%
Gold:   367        EV: 10    Int: 22    God:
                   SH:  6    Dex: 14

rFire    + + .     SeeInvis .   p - +10 dagger of Baiwoc {vorpal, rCorr}
rCold    . . .     Faith    .   c - +0 kite shield
rNeg     . . .     Spirit   .   k - +1 steam dragon scales
rPois    ∞         Reflect  .   n - +0 helmet
rElec    +         Harm     .   u - +1 cloak
rCorr    +         Rampage  .   (no gloves)
Will     +....                  (boots unavailable)
Stlth    ++........             (no amulet)
HPRegen  0.21/turn              a - ring of Irchem {rElec rC+ rCorr Int+2}
MPRegen  0.00/turn              (no ring)

@: flying, very slightly contaminated
A: sickness immunity, fire resistance 2, cold vulnerability 1, float, innate
caster, hp casting, extra vitality 1
a: no special abilities


You were on level 8 of the Dungeon.
You visited 2 branches of the dungeon, and saw 9 of its levels.

You collected 367 gold pieces.

Inventory:

Hand Weapons
 p - the +10 dagger of Baiwoc (weapon) {vorpal, rCorr}
   (You found it on level 4 of the Dungeon)

   It inflicts extra damage upon your enemies.
   rCorr:     It protects you from acid and corrosion.
Armour
 c - a +0 kite shield (worn)
 k - +1 steam dragon scales (worn)
 n - a +0 helmet (worn)
 u - a +1 cloak (worn)
Jewellery
 a - the ring of Irchem (left hand) {rElec rC+ rCorr Int+2}
   (You acquired it on level 2 of the Dungeon)

   [ring of protection from cold]

   Int:       It affects your intelligence (+2).
   rC:        It protects you from cold.
   rElec:     It insulates you from electricity.
   rCorr:     It protects you from acid and corrosion.
Wands
 b - a wand of acid (9)
 t - a wand of iceblast (8)
Scrolls
 d - 3 scrolls of teleportation
 f - 2 scrolls of enchant armour
 g - a scroll of fog {unknown}
 i - 4 scrolls of enchant weapon {unknown}
 m - 2 scrolls of holy word {unknown}
 q - a scroll of blinking {unknown}
 s - a scroll of magic mapping
 v - a scroll of summoning {unknown}
 w - a scroll of immolation {unknown}
Potions
 e - a potion of mutation
 h - a potion of cancellation {unknown}
 j - a potion of might {unknown}
 l - 2 potions of brilliance {unknown}
 o - 2 potions of lignification {unknown}
 r - 3 potions of curing
 x - a potion of degeneration {unknown}


   Skills:
 * Level 4.5 Fighting
 + Level 1.3 Short Blades
 + Level 3.5 Dodging
 + Level 3.4 Stealth
 * Level 9.6 Spellcasting
 + Level 0.7 Evocations


You had 3 spell levels left.
You knew the following spells:

 Your Spells              Type           Power      Damage    Failure   Level
a - Foxfire               Conj/Fire      100%       2x1d9     1%          1
b - Conjure Flame         Conj/Fire      52%        6-21      2%          3
c - Inner Flame           Hex/Fire       52%        N/A       2%          3
d - Sticky Flame          Conj/Fire      52%        2d7       9%          4
e - Fireball              Conj/Fire      26%        3d12      22%         5
f - Pain                  Necr           100%       1d9       1%          1
g - Searing Ray           Conj           100%       3d7       1%          2
h - Poisonous Vapours     Pois/Air       100%       N/A       1%          2
i - Petrify               Tmut/Erth      52%        N/A       9%          4
Your spell library was empty.

Dungeon Overview and Level Annotations

Branches:
Dungeon (8/15)             Temple (1/1) D:6
   Lair: D:8-11

Altars:
Ashenzari
Cheibriados
Dithmenos
Elyvilon
Fedhas
Hepliaklqana
Kikubaaqudgha
Makhleb
Nemelex Xobeh
Okawaru
Qazlal
Ru
Sif Muna
Trog
Uskayaw
Vehumet
Xom
Yredelemnul
Zin
The Shining One

Shops:
D:7 *

Annotations:
D:4 2 transporters


Innate Abilities, Weirdness & Mutations

You are immune to sickness and miasma.
You are immune to poison.
Your flesh is very heat resistant. (rF++)
You are vulnerable to cold. (rC-)
You float through the air rather than walking.
You learn spells naturally, not from books.
Your magical power is your life essence.
You have superior vitality. (+4 HP)


Message History

Aiming: Fireball (quite dangerous; 24% risk of failure)
Press: ? - help, Shift-Dir - straight line, f - centaur
Aim: a centaur, wielding a +0 shortbow and quivering arrows (severely wounded)
You miscast Fireball.
You are very lightly contaminated with residual magic.
Strange energies run through your body!
Casting: Fireball (quite dangerous; 24% risk of failure)
Confirm with . or Enter, or press ? or * to list all spells.
Aiming: Sticky Flame (dangerous; 9% risk of failure)
Press: ? - help, Shift-Dir - straight line, f - orc warrior
Aim: an orc warrior, wielding a +0 dire flail and wearing a +0 plate armour (100% to hit)
The sticky flame hits the orc warrior!
The orc warrior is heavily wounded.
The orc warrior is covered in liquid flames!
The orc warrior burns!
The orc warrior hits you with a +0 dire flail.
* * * LOW HITPOINT WARNING * * *
The orc warrior burns!
The centaur shoots an arrow.
The arrow hits you.
* * * LOW HITPOINT WARNING * * *
The orc warrior burns!
Found 19 gold pieces.
You feel better.
The orc warrior burns!
You kill the orc warrior!
The centaur shoots an arrow.
The arrow hits you.
* * * LOW HITPOINT WARNING * * *
The centaur shoots an arrow.
You block the arrow.
Casting: Sticky Flame (dangerous; 9% risk of failure)
Confirm with . or Enter, or press ? or * to list all spells.
Aiming: Sticky Flame (dangerous; 9% risk of failure)
Press: ? - help, Shift-Dir - straight line, f - orc warrior
Aim: an orc warrior, wielding a +0 battleaxe and wearing a +0 chain mail (heavily wounded, 100% to hit)
The sticky flame hits the orc warrior.
The orc warrior is heavily wounded.
The orc warrior is covered in liquid flames!
* * * LOW HITPOINT WARNING * * *
The orc warrior burns!
The orc warrior hits you with a +0 battleaxe!
* * * LOW HITPOINT WARNING * * *
The centaur shoots an arrow.
The arrow hits you!
You die...

$#.#. #.)... #.#.#
########)#.## ...#
#......))#.#. ..#
#.#####)o.... # #.# #.#
#..###..
#.###.####.####.##(##.
#.#.....c....o..o.'.[.#.
#.......o.).o#....##?##.
######@####.o)....#'###
........# #.#.#####.##!
######### #..##...'#+[o
#..#..?.$##:.
#..#[....###.
##.#...(.#.##
#.##...##.. ##.#####.#


You could see 2 orc warriors, a centaur and an orc.

Vanquished Creatures
  Maurice (D:8)
  Joseph (D:8)
  Sigmund (D:2)
  Eustachio (D:6)
  An acid dragon (D:7)
  Duvessa (D:5)
  3 orc warriors
  A black bear (D:6)
  A sky beast (D:5)
  2 ogres (D:5)
  A necrophage (D:5)
  A kobold brigand (D:8)
  2 scorpions
  A bullfrog (D:6)
  A wyvern zombie (D:7)
  Dowan (D:5)
  4 wights
  A howler monkey (D:7)
  2 electric eels (D:6)
  A hound (D:7)
  A centaur skeleton (D:5)
  A jelly (D:6)
  Crazy Yiuf (D:7)
  A bullfrog skeleton (D:6)
  4 orc priests
  2 iguanas
  Jessica (D:2)
  Terence (D:2)
  7 orc wizards
  A killer bee zombie (D:8)
  A hound zombie (D:5)
  2 hound skeletons (D:4)
  Robin (D:4)
  A howler monkey zombie (D:8)
  5 adders
  2 shadow imps (D:7)
  3 white imps
  An ufetubus (D:6)
  2 worms
  2 dart slugs (D:3)
  22 orcs
  8 ball pythons
  5 bats
  5 endoplasms
  A giant cockroach (D:1)
  14 goblins
  2 hobgoblins
  6 jackals (D:1)
  3 quokkas
  5 frilled lizards
  7 kobolds
  2 rats (D:2)
148 creatures vanquished.

Vanquished Creatures (collateral kills)
  10 foxfires
10 creatures vanquished.

Vanquished Creatures (others)
  741 foxfires
741 creatures vanquished.

Grand Total: 899 creatures vanquished

Notes
Turn   | Place    | Note
-------+----------+-------------------------------------------
     0 | D:1      | robertstho the Djinni Fire Elementalist began the quest for
                  | the Orb.
     0 | D:1      | Reached XP level 1. HP: 15/15 MP: 0/0
   396 | D:1      | Reached XP level 2. HP: 18/22 MP: 0/0
  1094 | D:1      | Reached XP level 3. HP: 22/26 MP: 0/0
  1094 | D:1      | Learned a level 1 spell: Pain
  1206 | D:1      | Found a faded altar of an unknown god.
  1300 | D:1      | Reached skill level 3 in Spellcasting
  1630 | D:2      | Noticed Jessica
  1634 | D:2      | Killed Jessica
  1635 | D:2      | Reached XP level 4. HP: 28/31 MP: 0/0
  1956 | D:2      | Noticed Sigmund
  1969 | D:2      | Killed Sigmund
  1970 | D:2      | Reached skill level 1 in Fighting
  1970 | D:2      | Reached skill level 4 in Spellcasting
  1970 | D:2      | Reached XP level 5. HP: 2/37 MP: 0/0
  1970 | D:2      | Learned a level 2 spell: Searing Ray
  1970 | D:2      | Reached XP level 6. HP: 2/42 MP: 0/0
  2374 | D:2      | Noticed Terence
  2406 | D:2      | Killed Terence
  2744 | D:2      | Identified a scroll of acquirement
  2745 | D:2      | Acquired the ring of Irchem {rElec rC+ rCorr Int+2}
  3223 | D:3      | Reached skill level 5 in Spellcasting
  3315 | D:3      | Found a glowing golden altar of the Shining One.
  3477 | D:3      | Reached XP level 7. HP: 40/48 MP: 0/0
  3477 | D:3      | Learned a level 2 spell: Poisonous Vapours
  4251 | D:4      | Noticed Robin
  4398 | D:4      | Killed Robin
  4583 | D:4      | Found a transporter.
  4619 | D:4      | Noticed a fire bat
  4620 | D:4      | Found a transporter.
  5089 | D:4      | Identified the +10 dagger of Baiwoc {vorpal, rCorr}
  5122 | D:5      | Entered Level 5 of the Dungeon
  5149 | D:5      | Found a basalt altar of Yredelemnul.
  5297 | D:5      | Found a white marble altar of Elyvilon.
  5596 | D:5      | Found a broken altar of Ashenzari.
  5604 | D:5      | Noticed Duvessa
  5606 | D:5      | Noticed Dowan
  5609 | D:5      | Killed Duvessa
  5610 | D:5      | Reached skill level 6 in Spellcasting
  5610 | D:5      | Reached XP level 8. HP: 44/55 MP: 0/0
  5614 | D:5      | Killed Dowan
  5771 | D:5      | Found a stormy altar of Qazlal.
  6040 | D:5      | Found a hide-covered altar of Uskayaw.
  6040 | D:5      | Found a burning altar of Makhleb.
  6114 | D:5      | Found a sparkling altar of Nemelex Xobeh.
  6442 | D:6      | Reached skill level 7 in Spellcasting
  6814 | D:6      | Found a staircase to the Ecumenical Temple.
  6850 | D:6      | Reached XP level 9. HP: 57/61 MP: 0/0
  6850 | D:6      | Learned a level 4 spell: Petrify
  6875 | Temple   | Entered the Ecumenical Temple
  7402 | D:6      | Noticed Eustachio
  7411 | D:6      | Killed Eustachio
  7672 | D:7      | Reached skill level 8 in Spellcasting
  7978 | D:7      | Reached skill level 1 in Short Blades
  8253 | D:7      | Found a shimmering altar of Xom.
  8301 | D:7      | Found a shadowy altar of Dithmenos.
  8319 | D:7      | Found Ejiyl's Overcharged Wands.
  8535 | D:7      | Found a runed translucent door.
  8536 | D:7      | Noticed Crazy Yiuf
  8729 | D:7      | Killed Crazy Yiuf
  9023 | D:8      | Noticed Joseph
  9031 | D:8      | Killed Joseph
  9032 | D:8      | Reached skill level 9 in Spellcasting
  9394 | D:8      | Reached XP level 10. HP: 54/68 MP: 0/0
  9398 | D:8      | Noticed Maurice
  9403 | D:8      | Killed Maurice
  9694 | D:8      | HP: 1/69 [orc warrior (14)]
  9694 | D:8      | Shot with an arrow by a centaur

Illustrated notes

Levels and vault maps discovered:
D:1:      lightli_molten_gateway, layout_loops_ring,
          shapermc_ecumenical_altar_mp_vishouse
D:2:      layout_loops_ring, uniq_jessica, uniq_sigmund, uniq_terence
D:3:      layout_basic, tso_oasis_becter
D:4:      gammafunk_cloud_chamber, layout_basic, minmay_quantized, uniq_robin
D:5:      layout_loops_ring, nemelex_dance_club_becter,
          mainiacjoe_overflow_catwalk_spiral, lemuel_crystal_altar,
          overflow_temple_1_default, gammafunk_temple_overflow_elements,
          nicolae_sextant, uniq_duvessa
D:6:      layout_basic, mainiacjoe_overflow_surrounded_room,
          minmay_temple_entry_statues_pillars, serial_corexii_hall,
          chequers_hall_statues_corner_a, corexii_hall_statues_u,
          chequers_hall_statues_wall_a, corexii_hall_statues_t,
          chequers_big_river, uniq_eustachio
D:7:      layout_basic, nicolae_overflow_hidden_temple,
          mainiacjoe_overflow_concentric_impassable,
          nicolae_shop_overcharged_wands, uniq_crazy_yiuf_cottage
D:8:      layout_basic, amcnicky_altar_gilded, serial_curves, eino_curves_03,
          eino_curves_02, minivault_11, minmay_joined_circles, uniq_maurice,
          uniq_joseph, uniq_pikel
Temple:   grunt_temple_mini_profane

Skill      XL: |  1  2  3  4  5  6  7  8  9 |
---------------+----------------------------+-----
Spellcasting   | 3 4 5 6 7 9 |  9.6
Fighting       | 1 2 3 4 |  4.5
Stealth        | 2 3 |  3.4
Dodging        | 3 |  3.5
Short Blades   | 1 |  1.3
Evocations     | |  0.7

Action                   |  1- 3 |  4- 6 |  7- 9 | 10-12 || total
-------------------------+-------+-------+-------+-------++-------
Melee: Dagger            |       |     2 |     8 |       ||    10
 Cast: Foxfire           |    53 |   115 |   243 |    47 ||   458
       Sticky Flame      |       |     1 |    19 |     4 ||    24
       Conjure Flame     |       |     1 |       |       ||     1
       Fireball          |       |       |     1 |     1 ||     2
Evoke: Wand              |       |       |     6 |       ||     6
  Use: Scroll            |       |     4 |     5 |       ||     9
       Potion            |       |       |       |     1 ||     1
 Stab: Sleeping          |       |       |     1 |       ||     1
Armor: Robe              |     2 |       |       |       ||     2
       Steam dragon scal |       |     2 |     9 |     2 ||    13
Dodge: Dodged            |     6 |     4 |    24 |     2 ||    36
Block: Kite shield       |       |       |     3 |     5 ||     8
